Map: Lightshade LE

Players

Krystianer - Winner!

  • Race: Protoss Protoss
  • League: Grandmaster

Whitelinker

  • Race: Protoss Protoss
  • League: Master

VOD

Have the link to the VOD?

Description

Time

  • Played on: May 17, 2021, 11:35 a.m.
  • Length: 6:44
Show
View Real Time Build Order
Export as new Build Order

Krystianer Protoss - Winner!

Build Orders:  

Get SALT Encoding   

  12  0:00  Probe  
  13  0:12  Probe  
  14  0:17  Pylon  
  14  0:24  Probe (Chrono Boost)  
  15  0:36  Probe (Chrono Boost)  
  15  0:37  Gateway  
  16  0:44  Probe (Chrono Boost)  
  16  0:46  Assimilator  
  17  0:51  Probe  
  17  0:54  Assimilator  
  18  1:03  Probe (Chrono Boost)  
  19  1:07  Gateway  
  19  1:13  Probe (Chrono Boost)  
  19  1:18  Probe (Chrono Boost)  
  20  1:25  Cybernetics Core  
  21  1:29  Probe  
  22  1:33  Pylon  
  22  1:41  Probe  
  23  1:53  Probe  
  24  1:58  Warp Gate (Chrono Boost)  
  24  2:01  Stalker x2  
  28  2:13  Pylon  
  28  2:31  Stalker x2  
  28  2:35  Robotics Facility  
  32  3:01  Stalker x2  
  32  3:04  Pylon  
  36  3:07  Pylon  
  36  3:19  Warp Prism (Chrono Boost)  
  38  3:39  Stalker x2  
  42  3:44  Gateway  
  42  3:49  Observer  
  43  4:04  Stalker x2  
  47  4:14  Twilight Council  
  47  4:28  Stalker x2  
  51  4:32  Pylon  
  45  4:58  Stalker x3  
  47  5:06  Warp Prism (Chrono Boost)  
  39  5:41  Stalker x2  
  43  5:44  Stalker  
  43  5:48  Shield Battery  
  45  6:09  Stalker  
  45  6:10  Stalker  
  49  6:12  Stalker  
  51  6:22  Pylon  
Show
View Real Time Build Order
Export as new Build Order

Whitelinker Protoss 

Build Orders:  

Get SALT Encoding   

  12  0:00  Probe  
  13  0:12  Probe  
  14  0:17  Pylon  
  14  0:24  Probe (Chrono Boost)  
  15  0:36  Probe (Chrono Boost)  
  15  0:37  Gateway  
  16  0:44  Probe (Chrono Boost)  
  16  0:47  Assimilator  
  17  0:50  Probe  
  17  0:54  Assimilator  
  18  1:03  Probe (Chrono Boost)  
  19  1:09  Gateway  
  19  1:14  Probe (Chrono Boost)  
  20  1:21  Probe  
  20  1:25  Cybernetics Core  
  21  1:33  Pylon  
  21  1:35  Probe  
  22  1:47  Probe  
  23  2:01  Stalker x2  
  25  2:02  Warp Gate  
  25  2:07  Pylon  
  27  2:10  Probe  
  28  2:23  Pylon  
  28  2:31  Stalker  
  28  2:36  Stalker  
  31  2:46  Gateway  
  31  2:57  Probe  
  32  3:02  Stalker  
  34  3:07  Stalker (Chrono Boost)  
  36  3:30  Stalker (Chrono Boost)  
  38  3:40  Probe  
  39  3:43  Shield Battery  
  39  3:50  Stalker x2  
  37  4:05  Stalker  
  37  4:07  Shield Battery  
  37  4:09  Pylon  
  39  4:16  Gateway  
  39  4:28  Stalker x2  
  43  4:33  Pylon  
  41  4:52  Stalker x2  
  33  5:11  Stalker  
  33  5:17  Stalker  
  33  5:18  Stalker  
  35  5:36  Stalker  
  37  5:44  Stalker  
  37  5:47  Stalker  
  41  5:50  Pylon  
  41  6:10  Stalker x2  
  41  6:11  Stalker  
  47  6:18  Stalker  
  49  6:25  Pylon  
Tags
 
Add a new tag
Caveats
  • Supply blocks, unpowered buildings, or Contaminate may cause inaccurate times.
  • Supply counts are checked every 10 seconds.